 Dungeon Crawl Stone Soup version 0.24-a0-434-gd57e52fea8 (webtiles) character file.

Game seed: 10415074555878340876

162 Chimkentus the Vandal (level 5, 0/36 HPs)
             Began as an Octopode Hunter on June 15, 2019.
             Killed from afar by Natasha (8 damage)
             ... with a magic dart
             ... on level 2 of the Dungeon.
             The game lasted 00:09:35 (1357 turns).

Chimkentus the Vandal (Octopode Hunter)             Turns: 1357, Time: 00:09:36

Health: 0/36       AC:  1    Str: 12    XL:     5   Next: 43%
Magic:  5/5        EV: 14    Int: 13    God:
Gold:   68         SH:  0    Dex: 13    Spells: 4/4 levels left

rFire    . . .     SeeInvis .   b - +0 short sword
rCold    . . .     Gourm    .   (no shield)
rNeg     . . .     Faith    .   (helmet restricted)
rPois    .         Spirit   .   (no amulet)
rElec    .         Reflect  .   (no ring)
rCorr    .         Harm     .   (no ring)
MR       .....                  (no ring)
Stlth    +++.......             (no ring)
HPRegen  0.12/turn              (no ring)
MPRegen  0.09/turn              (no ring)
                                (no ring)
                                (no ring)

@: no status effects
A: almost no armour, stealthy swim, amphibious, 8 rings, constrict 8, camouflage
1, gelatinous body 1
a: no special abilities


You were on level 2 of the Dungeon.
You were not hungry.

You visited 1 branch of the dungeon, and saw 3 of its levels.

You collected 68 gold pieces.

Inventory:

Hand Weapons
 a - a +1 hunting sling
 b - a +0 short sword (weapon)
 k - a +1 short sword of venom
Missiles
 e - 56 stones (quivered)
 h - 7 boomerangs
 j - 17 poisoned darts
Wands
 f - a wand of flame (20)
Scrolls
 c - a scroll of identify {unknown}
Potions
 g - 4 potions of mutation {unknown}
Comestibles
 d - 5 rations
 i - 5 chunks of flesh


   Skills:
 * Level 2.9 Fighting
 + Level 0.8 Short Blades
 + Level 5.3 Slings
 * Level 2.8 Dodging
 * Level 2.9 Stealth


You had 4 spell levels left.
You didn't know any spells.
Your spell library was empty.

Dungeon Overview and Level Annotations

Branches:
Dungeon (3/15)

Altars:
Hepliaklqana

Annotations:
D:2 Natasha


Innate Abilities, Weirdness & Mutations

You cannot wear most types of armour.
You are very stealthy in the water. (Stealth+)
You are amphibious.
You can wear up to eight rings at the same time.
You can use your tentacles to constrict eight enemies at once.
Your skin changes colour to match your surroundings (Stealth+).
Your rubbery body absorbs attacks. (AC +1, EV +1)


Message History

The magic dart hits you!
* * * LOW HITPOINT WARNING * * *
You hit Natasha but do no damage. You grab Natasha. You squeeze Natasha.
You kill Natasha!
Natasha screams in pain as she dies!
The crimson imp disappears in a puff of smoke!
The shadow imp disappears in a puff of smoke!
e - 56 stones (gained 5)
You see here the felid corpse of Natasha.
You butcher the felid corpse of Natasha.
i - 5 chunks of flesh (gained 1)
You see here the felid skeleton of Natasha.
You start resting.
Natasha, Servant of Life and Death comes into view.
Natasha stares at you and mumbles some strange words.
The magic dart hits you!
* * * LOW HITPOINT WARNING * * *
Natasha casts a spell at you. The magic dart hits you!
You die...

#.........# #.........#
#.........# #######
##.........# #.....#
...........# #.....###
.#......[..# #.......#
##..######## #.......#
#..## ########......##
#.########h.....@...>.##
..##....h..####..#..###
###.รท####### #.##..#
.h...# #.##..#
.....##########.#...#
.##...............#.#
###.####..........#.# #
#.# .#..........# # #.#
#..........#


You could see Natasha.

Vanquished Creatures
  A bullfrog skeleton (D:3)
  Natasha (twice) (D:2)
  3 adders
  2 worms (D:2)
  5 orcs
  A giant cockroach (D:2)
  6 hobgoblins
  4 jackals (D:2)
  A quokka (D:2)
  7 bats
  A frilled lizard (D:2)
  5 goblins
  5 kobolds
  8 rats
51 creatures vanquished.

Notes
Turn   | Place    | Note
-------+----------+-------------------------------------------
     0 | D:1      | Chimkentus the Octopode Hunter began the quest for the Orb.
     0 | D:1      | Reached XP level 1. HP: 14/14 MP: 1/1
   266 | D:1      | Reached XP level 2. HP: 19/19 MP: 2/2
   429 | D:2      | You fall into a shaft and drop 1 floor!
   429 | D:3      | Found a faded altar of an unknown god.
   439 | D:3      | Reached XP level 3. HP: 24/24 MP: 3/3
   447 | D:3      | Reached XP level 4. HP: 25/30 MP: 4/4
   510 | D:3      | Found a hazy altar of Hepliaklqana.
   544 | D:2      | Noticed Natasha
   550 | D:2      | Killed Natasha
   550 | D:2      | Reached skill level 5 in Slings
   933 | D:2      | Reached XP level 5. HP: 35/35 MP: 5/5
  1122 | D:2      | Noticed Natasha
  1274 | D:2      | Killed Natasha
  1345 | D:2      | Noticed Natasha
  1357 | D:2      | Killed from afar by Natasha

Levels and vault maps discovered:
D:1:      wander_arrival_lonely_grave, layout_rooms
D:2:      minmay_spotlight, layout_rooms, uniq_natasha
D:3:      layout_basic, nemelex_xobeh_ov_fountains_minmay,
          nicolae_overflow_hidden_temple, first_ration,
          chequers_ecumenical_altar_island

Skill      XL: |  1  2  3  4 |
---------------+-------------+-----
Stealth        | 2 |  2.9
Slings         | 5 |  5.3
Fighting       | |  2.9
Short Blades   | |  0.8
Dodging        | |  2.8

Action                   |  1- 3 |  4- 6 || total
-------------------------+-------+-------++-------
Melee: Short sword       |    18 |    39 ||    57
       Tentacles         |     4 |     9 ||    13
       Constrict         |     5 |    13 ||    18
 Fire: Hunting sling     |    16 |    66 ||    82
Evoke: Wand              |       |     1 ||     1
  Use: Potion            |     1 |       ||     1
 Stab: Sleeping          |     1 |     2 ||     3
  Eat: Chunk             |       |     1 ||     1
Armor: Skin              |     2 |     6 ||     8
Dodge: Dodged            |    20 |    40 ||    60

Table legend:
 A = Non-vault XP
 B = Vault XP
 C = Vault XP percentage of total XP
 D = Non-vault monster count
 E = Vault monster count
 F = Vault count percentage of total count
                 A         B        C        D         E       F
            +---------+---------+-------+---------+---------+-------
      Total |     188 |      44 |  19.0 |      45 |       6 |  11.8
            +---------+---------+-------+---------+---------+-------
        D:1 |      34 |       0 |   0.0 |      15 |       0 |   0.0
        D:2 |      77 |      44 |  36.4 |      22 |       6 |  21.4
        D:3 |      77 |       0 |   0.0 |       8 |       0 |   0.0
            +---------+---------+-------+---------+---------+-------
